 Dungeon Crawl Stone Soup version 0.22-a0-322-g60b3cfd (webtiles) character file.

1566 Kairos the Conjurer (level 9, -9/61 HPs)
             Began as a Human Conjurer on Apr 4, 2018.
             Was an Initiate of Vehumet.
             Mangled by an orc warrior
             ... wielding a +0 dire flail
              (14 damage)
             ... on level 5 of the Dungeon.
             The game lasted 00:27:53 (7377 turns).

Kairos the Conjurer (Human Conjurer)                Turns: 7377, Time: 00:27:54

Health: -9/61      AC:  5    Str:  8    XL:     9   Next: 13%
Magic:  8/17       EV: 19    Int: 16    God:    Vehumet [......]
Gold:   427        SH:  0    Dex: 17    Spells: 9/19 levels left

rFire    . . .     SeeInvis .   t - +1 mace (protect)
rCold    . . .     Gourm    +   (no shield)
rNeg     . . .     Faith    .   m - +0 robe
rPois    .         Spirit   .   (no helmet)
rElec    .         Reflect  .   (no cloak)
rCorr    .         Harm     .   (no gloves)
MR       .....                  n - +2 pair of boots
Stlth    ++........             a - amulet of the gourmand
HPRegen  0.20/turn              F - +5 ring of evasion
MPRegen  0.15/turn              A - ring of wizardry

@: no status effects
A: no striking features
a: Renounce Religion


You were on level 5 of the Dungeon.
You worshipped Vehumet.
Vehumet was noncommittal.
You were not hungry.

You visited 1 branch of the dungeon, and saw 6 of its levels.
You also visited: Sewer.

You collected 427 gold pieces.

Inventory:

Hand Weapons
 k - a +4 hand axe of freezing
 t - a +1 mace of protection (weapon)
Armour
 m - a +0 robe (worn)
 n - a +2 pair of boots (worn)
Jewellery
 a - an amulet of the gourmand (around neck)
 w - a +3 ring of protection
 A - a ring of wizardry (right hand)
 F - a +5 ring of evasion (left hand)
Wands
 l - a wand of polymorph (11)
 B - a wand of paralysis (18)
 G - a wand of flame (25)
Scrolls
 b - a scroll of noise {unknown}
 e - 2 scrolls of enchant armour {unknown}
 f - 2 scrolls of remove curse
 g - 2 scrolls of identify
 j - 3 scrolls of amnesia {unknown}
 p - 3 scrolls of fear {unknown}
 u - 2 scrolls of magic mapping {unknown}
 x - 3 scrolls of teleportation {unknown}
 y - 2 scrolls of blinking {unknown}
 D - 3 scrolls of immolation {unknown}
Potions
 d - 3 potions of curing
 o - 5 potions of might
 q - a potion of berserk rage {unknown}
 s - 2 potions of brilliance
 v - a potion of agility {unknown}
 z - 6 potions of flight
 C - a potion of invisibility {unknown}
 E - 3 potions of heal wounds {unknown}
Comestibles
 c - 9 rations


   Skills:
 + Level 1.9 Fighting
 + Level 4.2(4.3) Axes
 + Level 1.2(2.9) Maces & Flails
 + Level 3.9 Dodging
 + Level 3.2 Stealth
 * Level 5.8 Spellcasting
 * Level 7.2 Conjurations


You had 9 spell levels left.
You knew the following spells:

 Your Spells              Type           Power        Failure   Level  Hunger
a - Magic Dart            Conj           ####         1%          1    None
b - Searing Ray           Conj           ####..       1%          2    #......
c - Dazzling Spray        Conj/Hex       ###...       4%          3    ##.....
d - Iskenderun's Mystic   Conj           ####....     2%          4    ####...


Dungeon Overview and Level Annotations

Branches:
Dungeon (6/15)             Temple (0/1) D:5

Altars:
Ashenzari
Cheibriados
Dithmenos
Hepliaklqana
Sif Muna
Vehumet
Wu Jian
Yredelemnul


Message History

The orc warrior is severely wounded.
The orc warrior is no longer blind.
You barely miss the orc warrior.
The orc warrior is severely wounded.
The orc warrior hits you with a dire flail!
* * * LOW HITPOINT WARNING * * *
The orc warrior misses you.
You see here an adder corpse.
There is a stone staircase leading up here.
An orc wizard appears from thin air!
Reactivating autopickup.
The orc wizard points at you and mumbles some strange words.
You easily resist.
There is a stone staircase leading up here.
The orc warrior hits you with a dire flail.
* * * LOW HITPOINT WARNING * * *
You climb upwards.
There is a stone staircase leading down here.
The orc warrior hits you with a dire flail!
You die...

########......##
##......)......#
....).........##
..........##..##
..........###..#
########.## #..##
# #..# ##.>## ###
##.## ##o.# ..#
#..# #.@##
..####.## ##..#
...##..# ##.##
...##.## #..#
...#..# #####
##.## .....##
##...####..##
.....#
###......###..#
....##
#..........##.##
....#
##..............#


You could see an orc warrior.

Vanquished Creatures
  The ghost of grindst0ne the Covert, a novice OpAs of Okawaru (D:5)
  A water moccasin (D:6)
  An orc warrior (D:6)
  A sky beast (D:5)
  A phantom (D:4)
  A bullfrog (D:6)
  A crimson imp (D:5)
  An orc priest (D:4)
  4 hounds
  Jessica (D:2)
  A bullfrog skeleton (D:4)
  Terence (D:2)
  An iguana (D:6)
  A worker ant (D:5)
  7 orc wizards
  9 adders
  A howler monkey skeleton (D:4)
  2 river rats (D:3)
  4 oozes (Sewer)
  2 adder zombies (D:6)
  An adder skeleton (D:4)
  6 worms
  2 dart slugs
  4 leopard geckos
  19 orcs
  3 ball pythons
  20 bats
  5 giant cockroaches
  5 goblins
  4 hobgoblins
  4 jackals (Sewer)
  6 kobolds
  A quokka (D:3)
  8 frilled lizards
  A jackal skeleton (D:4)
  A leopard gecko skeleton (D:5)
  A quokka skeleton (D:5)
  10 rats
143 creatures vanquished.

Notes
Turn   | Place    | Note
-------+----------+-------------------------------------------
     0 | D:1      | Kairos the Human Conjurer began the quest for the Orb.
     0 | D:1      | Reached XP level 1. HP: 13/13 MP: 3/3
   117 | D:1      | Reached XP level 2. HP: 12/19 MP: 0/5
   173 | D:1      | Found a shattered altar of Ashenzari.
   864 | D:1      | Reached XP level 3. HP: 24/24 MP: 3/6
  1364 | D:2      | Noticed Jessica
  1368 | D:2      | Killed Jessica
  1368 | D:2      | Reached XP level 4. HP: 30/30 MP: 4/7
  1466 | D:2      | Learned a level 2 spell: Searing Ray
  1470 | D:2      | Learned a level 3 spell: Dazzling Spray
  1726 | D:2      | Reached skill level 1 in Maces & Flails
  1799 | D:2      | Noticed Terence
  1820 | D:2      | Killed Terence
  1820 | D:2      | Reached XP level 5. HP: 21/36 MP: 2/8
  1821 | D:2      | Reached skill level 1 in Axes
  2538 | D:3      | Found a shadowy altar of Dithmenos.
  3010 | D:3      | Reached skill level 1 in Fighting
  3020 | D:3      | Found a glowing drain.
  3024 | Sewer    | Entered a sewer
  3264 | Sewer    | Reached skill level 5 in Conjurations
  3530 | Sewer    | Reached XP level 6. HP: 40/43 MP: 9/9
  3572 | Sewer    | Got a distressingly furry hat
  3578 | Sewer    | Identified the +1 hat "Apen" {-Cast Dex+4} (You found it in a sewer)
  3752 | D:3      | HP: 1/43 [river rat (5)]
  4303 | D:4      | Learned a level 4 spell: Iskenderun's Mystic Blast
  4694 | D:4      | Reached XP level 7. HP: 38/48 MP: 7/11
  4850 | D:4      | Found a snail-covered altar of Cheibriados.
  5210 | D:4      | Found a deep blue altar of Sif Muna.
  5303 | D:5      | Entered Level 5 of the Dungeon
  5378 | D:5      | Found a radiant altar of Vehumet.
  5387 | D:5      | Became a worshipper of Vehumet
  5392 | D:5      | Noticed grindst0ne's ghost (novice OpAs)
  5492 | D:5      | Killed grindst0ne's ghost
  5492 | D:5      | Reached skill level 6 in Conjurations
  5492 | D:5      | Reached XP level 8. HP: 51/54 MP: 12/15
  5652 | D:5      | Found a staircase to the Ecumenical Temple.
  5706 | D:5      | Found a hazy altar of Hepliaklqana.
  5768 | D:5      | Found a basalt altar of Yredelemnul.
  5768 | D:5      | Found an ornate altar of the Wu Jian Council.
  5878 | D:5      | Reached skill level 5 in Spellcasting
  6357 | D:6      | Reached skill level 7 in Conjurations
  6394 | D:6      | Found a hazy altar of Hepliaklqana.
  6664 | D:6      | HP: 2/56 [orc warrior/flail (9)]
  6671 | D:6      | Reached XP level 9. HP: 13/61 MP: 1/17
  7337 | D:6      | HP: 2/61 [orc warrior/dire flail (10)]
  7377 | D:5      | Mangled by an orc warrior

Vault maps used:
D:1:      nzn_arrival_settlement, evilmike_ruin_ashenzari
D:2:      uniq_jessica, uniq_terence
D:3:      grunt_dithmenos_smoke, lightli_sewer_entry_pipes
D:4:      tgw_sif, kennysheep_mini, first_ration
D:5:      vehumet_altar_wand_db, gammafunk_temple_overflow_wave,
          minmay_temple_entry_statues, basic_altar
D:6:      old_standard_altar
Sewer:    sewer_fruit_machine

Skill      XL: |  1  2  3  4  5  6  7  8  9 |
---------------+----------------------------+-----
Maces & Flails | 1 |  1.2
Axes           | 1 2 3 4 |  4.2
Fighting       | 1 |  1.9
Conjurations   | 5 6 7 |  7.2
Dodging        | 3 |  3.9
Spellcasting   | 3 4 5 |  5.8
Stealth        | 3 |  3.2

Action                   |  1- 3 |  4- 6 |  7- 9 || total
-------------------------+-------+-------+-------++-------
Melee: Unarmed           |    12 |       |       ||    12
       Club              |    40 |       |       ||    40
       Hand axe          |     3 |   109 |    86 ||   198
       Mace              |       |       |     5 ||     5
 Cast: Magic Dart        |    31 |   127 |   117 ||   275
       Searing Ray       |       |    12 |    20 ||    32
       Dazzling Spray    |       |       |     4 ||     4
       Iskenderun's Myst |       |       |     2 ||     2
  Use: Potion            |       |     6 |     2 ||     8
       Scroll            |       |     1 |     3 ||     4
 Stab: Sleeping          |       |     2 |       ||     2
       Invisible         |       |       |     3 ||     3
  Eat: Chunk             |     2 |    20 |     3 ||    25
Armor: Robe              |    22 |    46 |    23 ||    91
       Skin              |       |       |     3 ||     3
Dodge: Dodged            |    43 |   134 |    99 ||   276

Table legend:
 A = Spawn XP
 B = Non-spawn XP
 C = Spawn XP percentage of total XP
 D = Spawn monster count
 E = Non-spawn monster count
 F = Spawn count percentage of total count
 G = Total turns spent on level
                    A         B        C        D         E        F      G
               +---------+---------+-------+---------+---------+-------+---------
         Total |       0 |    2238 |   0.0 |       0 |     143 |   0.0 |  7377
               +---------+---------+-------+---------+---------+-------+---------
           D:1 |       0 |      37 |   0.0 |       0 |      21 |   0.0 |  1290
           D:2 |       0 |     133 |   0.0 |       0 |      19 |   0.0 |  1237
           D:3 |       0 |     105 |   0.0 |       0 |      23 |   0.0 |  1019
           D:4 |       0 |     376 |   0.0 |       0 |      18 |   0.0 |  1106
           D:5 |       0 |     919 |   0.0 |       0 |      20 |   0.0 |  1002
           D:6 |       0 |     595 |   0.0 |       0 |      17 |   0.0 |  1039
         Sewer |       0 |      73 |   0.0 |       0 |      25 |   0.0 |   684
               +---------+---------+-------+---------+---------+-------+---------
